 Dungeon Crawl Stone Soup version 0.21.1-1-g345015f (webtiles) character file.

755 tidbits the Charmwright (level 7, -8/84 HPs)
             Began as a Gnoll Skald on June 22, 2018.
             Mangled by an orc warrior
             ... wielding a +0 long sword
              (9 damage)
             ... on level 6 of the Dungeon.
             The game lasted 00:13:02 (1039 turns).

tidbits the Charmwright (Gnoll Skald)               Turns: 1039, Time: 00:13:03

Health: -8/84      AC: 23    Str: 13    XL:     7   Next: 79%
Magic:  7/15       EV:  2    Int: 17    God:
Gold:   77         SH:  0    Dex: 15    Spells: 6/17 levels left

rFire    . . .     SeeInvis .   a - +0 war axe
rCold    . . .     Gourm    .   (no shield)
rNeg     + + +     Faith    .   (armour currently unavailable)
rPois    +         Spirit   .   (helmet currently unavailable)
rElec    .         Reflect  .   (cloak currently unavailable)
rCorr    .         Harm     .   (gloves currently unavailable)
MR       .....     NoTele   +   (boots currently unavailable)
Stlth    ++........             (no amulet)
HPRegen  0.24/turn              (no ring)
MPRegen  0.14/turn              (no ring)

@: tree-form (expiring), singing
A: distributed training, strong nose
a: no special abilities


You were on level 6 of the Dungeon.
You were not hungry.
You were a tree.
You visited 1 branch of the dungeon, and saw 6 of its levels.

You collected 77 gold pieces.

Inventory:

Hand Weapons
 a - a +0 war axe (weapon)
 f - a +0 dagger
 o - a cursed -2 spear
 r - a +0 hand axe
Missiles
 i - 5 tomahawks of returning (quivered)
 j - 14 arrows
Armour
 b - a +0 leather armour (melded)
 C - a +1 cloak (melded)
Scrolls
 g - a scroll of fog
 n - a scroll of random uselessness
Potions
 e - 2 potions of degeneration
 h - a potion of magic
 m - a potion of resistance
 s - a potion of heal wounds
Books
 d - a book of Battle

   Spells                             Type                      Level
   a - Infusion                       Charms                       1
   b - Shroud of Golubria             Charms/Translocation         2
   c - Song of Slaying                Charms                       2
   d - Spectral Weapon                Hexes/Charms                 3
   e - Regeneration                   Charms/Necromancy            3
Comestibles
 c - 3 rations


   Skills:
 + Level 5.3 Fighting
 + Level 2.6 Short Blades
 + Level 2.6 Long Blades
 + Level 5.3 Axes
 + Level 2.6 Maces & Flails
 + Level 2.6 Polearms
 + Level 2.6 Staves
 + Level 2.6 Slings
 + Level 2.6 Bows
 + Level 2.6 Crossbows
 + Level 2.6 Throwing
 + Level 3.7 Armour
 + Level 5.3 Dodging
 + Level 2.6 Stealth
 + Level 2.6 Shields
 + Level 2.6 Unarmed Combat
 + Level 5.7 Spellcasting
 + Level 2.1 Conjurations
 + Level 2.1 Hexes
 + Level 5.9 Charms
 + Level 2.1 Summonings
 + Level 2.1 Necromancy
 + Level 2.1 Translocations
 + Level 2.1 Transmutations
 + Level 2.1 Fire Magic
 + Level 2.1 Ice Magic
 + Level 2.1 Air Magic
 + Level 2.1 Earth Magic
 + Level 2.1 Poison Magic
 + Level 3.0 Invocations
 + Level 2.6 Evocations


You had 6 spell levels left.
You knew the following spells:

 Your Spells              Type           Power        Failure   Level  Hunger
g - Shroud of Golubria    Chrm/Tloc      ###.......   3%          2    #......
i - Infusion              Chrm           ####         1%          1    None
r - Regeneration          Chrm/Necr      ###.......   8%          3    ##.....
w - Spectral Weapon       Hex/Chrm       ###.....     8%          3    ##.....
y - Song of Slaying       Chrm           ####....     1%          2    #......


Dungeon Overview and Level Annotations

Branches:
Dungeon (6/15)
 Temple: D:4-7

Altars:
Yredelemnul

Annotations:
D:3 Thian's ghost, amateur GrFi


Innate Abilities, Weirdness & Mutations

Your experience applies equally to all skills.
((You have very sharp teeth.))
Your uncanny sense of smell can sniff out nearby items.


Message History

You hit the orc warrior but do no damage.
Your spectral weapon closely misses the sky beast.
Your spectral weapon completely misses the orc priest.
Your spectral weapon hits the orc warrior.
The orc priest barely misses your spectral weapon.
The orc warrior hits you but does no damage.
Something hits you but does no damage.
The orc priest calls down the wrath of Beogh upon you.
Beogh smites you!
* * * LOW HITPOINT WARNING * * *
The sky beast hits you.
* * * LOW HITPOINT WARNING * * *
The sky beast shocks you.
* * * LOW HITPOINT WARNING * * *
The orc warrior hits you with a scimitar.
* * * LOW HITPOINT WARNING * * *
Unknown command.
You slash the sky beast!
The sky beast is almost dead.
You barely miss the orc warrior. You hit something.
You hit the orc warrior but do no damage.
Your transformation is almost over.
Your spectral weapon hits the sky beast.
Your spectral weapon hits the orc warrior but does no damage.
Your spectral weapon closely misses the orc priest.
The orc priest misses your spectral weapon.
The sky beast barely misses your spectral weapon.
The orc warrior barely misses you.
Unknown command.
You hit the sky beast.
The sky beast is almost dead.
You closely miss something. You hit the orc warrior.
You hit the orc warrior but do no damage.
You hear the brisk hiss of a very distant avalanche of sand.
Your spectral weapon barely misses the sky beast.
Your spectral weapon hits the orc priest.
Your spectral weapon hits the orc warrior.
The orc priest hits your spectral weapon with a flail!
Your spectral weapon shares its damage with you!
* * * LOW HITPOINT WARNING * * *
Something hits you but does no damage.
The sky beast flickers out of sight!
Something hits you but does no damage.
The orc warrior hits you with a scimitar.
* * * LOW HITPOINT WARNING * * *
The orc warrior hits you but does no damage.
Unknown command.
You barely miss something. You miss something.
You completely miss the orc warrior.
You hit the orc warrior but do no damage.
Your spectral weapon hits something.
You feel your strength returning.
You feel a bit more experienced.
Your spectral weapon hits the orc warrior.
Your spectral weapon hits the orc priest.
You kill the orc priest!
Your Invocations skill increases to level 3!
Something hits you but does no damage. The jackal bites your spectral weapon.
The orc warrior hits you but does no damage.
Something hits you but does no damage.
The orc warrior hits your spectral weapon with a long sword!!
Your spectral weapon shares its damage with you!
Your spectral weapon fades away.
* * * LOW HITPOINT WARNING * * *
Unknown command.
Casting: Spectral Weapon
Confirm with . or Enter, or press ? or * to list all spells.
You draw out your weapon's spirit!
The jackal bites your spectral weapon but does no damage.
You closely miss the orc warrior.
The orc warrior is moderately wounded.
You closely miss something.
You hit the orc warrior but do no damage.
Your spectral weapon closely misses the orc warrior.
Your spectral weapon hits the orc warrior!
Your spectral weapon hits something but does no damage.
Your spectral weapon barely misses the jackal.
The jackal bites your spectral weapon but does no damage.
The orc warrior hits you with a scimitar!
* * * LOW HITPOINT WARNING * * *
The jackal bites your spectral weapon but does no damage.
Something hits you but does no damage.
The orc warrior hits you with a long sword!
* * * LOW HITPOINT WARNING * * *
Unknown command.
You hit the orc priest.
The orc priest is lightly wounded.
You slash the orc warrior! You closely miss something.
You hit the orc warrior but do no damage.
Your spectral weapon hits the orc priest.
Your spectral weapon hits the orc warrior.
Your spectral weapon closely misses the jackal.
Your spectral weapon hits something.
The jackal barely misses your spectral weapon.
The orc warrior closely misses your spectral weapon.
The orc priest barely misses you. Something hits you but does no damage.
The jackal bites your spectral weapon.
Your spectral weapon shares its damage with you!
* * * LOW HITPOINT WARNING * * *
The orc warrior hits you with a long sword!
You die...

...#...# ..# ...#...#
).+ ...'.# ...#
...#.# ∆ ....#
####.###
########+##....#
##..#∆#.............#
.
#..###.......h.....#
.+
#...........(o.....#
.#
#..........)♣oh.(..#
.#
#.....######o#####...
.........# .o. .
.......>.# ....+
..........+ .....#
(.........# ###.###
#....##+### #. ....
..


You could see 2 orc warriors, an orc priest, an orc, 2 jackals and a friendly
spectral war axe.

Vanquished Creatures
  Sigmund (D:6)
  A sky beast (D:6)
  An ice beast (D:5)
  An ogre (D:5)
  A scorpion (D:4)
  A crimson imp (D:6)
  A hound (D:5)
  An orc priest (D:6)
  An orc wizard (D:4)
  2 worker ants
  A hound skeleton (D:5)
  An adder (D:3)
  A shadow imp (D:5)
  3 oozes
  An adder zombie (D:5)
  A worm (D:4)
  2 dart slugs (D:1)
  A leopard gecko (D:1)
  10 orcs
  6 bats
  2 giant cockroaches
  5 goblins
  7 hobgoblins
  7 jackals
  5 kobolds
  2 ball pythons
  3 frilled lizards
  A jackal zombie (D:5)
  6 rats
76 creatures vanquished.

Vanquished Creatures (others)
  A hobgoblin (D:1)
  2 spectral weapons (D:6)
3 creatures vanquished.

Grand Total: 79 creatures vanquished

Notes
Turn   | Place    | Note
-------+----------+-------------------------------------------
     0 | D:1      | tidbits the Gnoll Skald began the quest for the Orb.
     0 | D:1      | Reached XP level 1. HP: 20/20 MP: 6/6
    50 | D:1      | Reached XP level 2. HP: 26/26 MP: 3/7
    74 | D:1      | Learned a level 2 spell: Song of Slaying
    77 | D:1      | Learned a level 2 spell: Shroud of Golubria
   110 | D:1      | Reached XP level 3. HP: 19/31 MP: 3/9
   115 | D:1      | Learned a level 3 spell: Regeneration
   125 | D:1      | Learned a level 3 spell: Spectral Weapon
   134 | D:1      | Reached skill level 5 in Spellcasting
   221 | D:2      | Reached skill level 1 in Invocations
   337 | D:2      | Reached skill level 1 in Short Blades
   337 | D:2      | Reached skill level 1 in Long Blades
   337 | D:2      | Reached skill level 1 in Maces & Flails
   337 | D:2      | Reached skill level 1 in Polearms
   337 | D:2      | Reached skill level 1 in Staves
   337 | D:2      | Reached skill level 1 in Slings
   337 | D:2      | Reached skill level 1 in Bows
   337 | D:2      | Reached skill level 1 in Crossbows
   337 | D:2      | Reached skill level 1 in Throwing
   337 | D:2      | Reached skill level 1 in Stealth
   337 | D:2      | Reached skill level 1 in Shields
   337 | D:2      | Reached skill level 1 in Unarmed Combat
   337 | D:2      | Reached skill level 1 in Evocations
   367 | D:3      | Reached XP level 4. HP: 26/38 MP: 3/11
   460 | D:3      | Reached skill level 1 in Conjurations
   460 | D:3      | Reached skill level 1 in Hexes
   460 | D:3      | Reached skill level 1 in Summonings
   460 | D:3      | Reached skill level 1 in Necromancy
   460 | D:3      | Reached skill level 1 in Translocations
   460 | D:3      | Reached skill level 1 in Transmutations
   460 | D:3      | Reached skill level 1 in Fire Magic
   460 | D:3      | Reached skill level 1 in Ice Magic
   460 | D:3      | Reached skill level 1 in Air Magic
   460 | D:3      | Reached skill level 1 in Earth Magic
   460 | D:3      | Reached skill level 1 in Poison Magic
   466 | D:3      | Found a basalt altar of Yredelemnul.
   516 | D:4      | Reached XP level 5. HP: 20/43 MP: 0/12
   541 | D:4      | Noticed a phantom
   544 | D:4      | Reached skill level 3 in Armour
   571 | D:5      | Entered Level 5 of the Dungeon
   583 | D:3      | Noticed Thian's ghost (amateur GrFi)
   685 | D:5      | Reached XP level 6. HP: 25/50 MP: 1/13
   761 | D:5      | Noticed an ice beast
   769 | D:5      | Killed an ice beast
   769 | D:5      | Reached skill level 5 in Fighting
   769 | D:5      | Reached skill level 5 in Axes
   769 | D:5      | Reached skill level 5 in Dodging
   769 | D:5      | Reached skill level 2 in Invocations
   852 | D:5      | Reached skill level 2 in Short Blades
   852 | D:5      | Reached skill level 2 in Long Blades
   852 | D:5      | Reached skill level 2 in Maces & Flails
   852 | D:5      | Reached skill level 2 in Polearms
   852 | D:5      | Reached skill level 2 in Staves
   852 | D:5      | Reached skill level 2 in Slings
   852 | D:5      | Reached skill level 2 in Bows
   852 | D:5      | Reached skill level 2 in Crossbows
   852 | D:5      | Reached skill level 2 in Throwing
   852 | D:5      | Reached skill level 2 in Stealth
   852 | D:5      | Reached skill level 2 in Shields
   852 | D:5      | Reached skill level 2 in Unarmed Combat
   852 | D:5      | Reached skill level 2 in Evocations
   910 | D:5      | Reached XP level 7. HP: 53/56 MP: 11/15
  1017 | D:6      | Noticed Sigmund
  1025 | D:6      | Killed Sigmund
  1025 | D:6      | Reached skill level 2 in Conjurations
  1025 | D:6      | Reached skill level 2 in Hexes
  1025 | D:6      | Reached skill level 2 in Summonings
  1025 | D:6      | Reached skill level 2 in Necromancy
  1025 | D:6      | Reached skill level 2 in Translocations
  1025 | D:6      | Reached skill level 2 in Transmutations
  1025 | D:6      | Reached skill level 2 in Fire Magic
  1025 | D:6      | Reached skill level 2 in Ice Magic
  1025 | D:6      | Reached skill level 2 in Air Magic
  1025 | D:6      | Reached skill level 2 in Earth Magic
  1025 | D:6      | Reached skill level 2 in Poison Magic
  1028 | D:6      | HP: 6/84 [orc warrior/scimitar (9)]
  1036 | D:6      | Reached skill level 3 in Invocations
  1038 | D:6      | HP: 2/84 [orc warrior/long sword (11)]
  1039 | D:6      | Mangled by an orc warrior

Skill      XL: |  1  2  3  4  5  6  7 |
---------------+----------------------+-----
Spellcasting   | 5 |  5.7
Invocations    | 1 2 3 |  3.0
Short Blades   | 1 2 |  2.6
Long Blades    | 1 2 |  2.6
Maces & Flails | 1 2 |  2.6
Polearms       | 1 2 |  2.6
Staves         | 1 2 |  2.6
Slings         | 1 2 |  2.6
Bows           | 1 2 |  2.6
Crossbows      | 1 2 |  2.6
Throwing       | 1 2 |  2.6
Stealth        | 1 2 |  2.6
Shields        | 1 2 |  2.6
Unarmed Combat | 1 2 |  2.6
Evocations     | 1 2 |  2.6
Conjurations   | 1 2 |  2.1
Hexes          | 1 2 |  2.1
Summonings     | 1 2 |  2.1
Necromancy     | 1 2 |  2.1
Translocations | 1 2 |  2.1
Transmutations | 1 2 |  2.1
Fire Magic     | 1 2 |  2.1
Ice Magic      | 1 2 |  2.1
Air Magic      | 1 2 |  2.1
Earth Magic    | 1 2 |  2.1
Poison Magic   | 1 2 |  2.1
Armour         | 3 |  3.7
Fighting       | 5 |  5.3
Axes           | 5 |  5.3
Dodging        | 5 |  5.3
Charms         | |  5.9

Action                   |  1- 3 |  4- 6 |  7- 9 || total
-------------------------+-------+-------+-------++-------
Melee: Hand axe          |    82 |    38 |       ||   120
       Bite              |     7 |     9 |       ||    16
       War axe           |       |    22 |    16 ||    38
Throw: Tomahawk          |     4 |    28 |       ||    32
 Cast: Infusion          |     2 |       |       ||     2
       Song of Slaying   |     7 |     5 |     1 ||    13
       Spectral Weapon   |     3 |    10 |     5 ||    18
       Regeneration      |       |     3 |       ||     3
       Shroud of Golubri |       |     1 |       ||     1
  Use: Scroll            |     3 |     4 |       ||     7
       Potion            |       |     3 |     4 ||     7
  Eat: Ration            |       |     1 |       ||     1
Armor: Leather armour    |    20 |    13 |     1 ||    34
       Skin              |       |     1 |    28 ||    29
Dodge: Dodged            |    70 |    49 |     6 ||   125

Table legend:
 A = Turns spent in this place as a percentage of turns spent in the entire game.
 B = Non-inter-level travel turns spent in this place as a percentage of non-inter-level travel turns spent in the entire game.
 C = Inter-level travel turns spent in this place as a percentage of turns spent in this place.
 D = Turns resting spent in this place as a percentage of non-inter-level travel turns spent in this place.
 E = Turns spent auto-exploring this place as a percentage of non-inter-level travel turns spent in this place.
 F = Non-inter-level travel turns spent in this place divided by the number of levels of this place that you've seen.
                   A       B       C       D       E      F
               +-------+-------+-------+-------+-------+----------------------
         Total | 100.0 | 100.0 |   1.2 |   0.0 |   0.0 | 171.2
       Dungeon | 100.0 | 100.0 |   1.2 |   0.0 |   0.0 | 171.2
               +-------+-------+-------+-------+-------+----------------------

Table legend:
 A = Kills in this place as a percentage of kills in entire the game.
 B = Kills by you in this place as a percentage of kills by you in the entire game.
 C = Kills by friends in this place as a percentage of kills by friends in the entire game.
 D = Other kills in this place as a percentage of other kills in the entire game.
 E = Experience gained in this place as a percentage of experience gained in the entire game.
 F = Experience gained in this place divided by the number of levels of this place that you have seen.
                   A       B       C       D       E      F
               +-------+-------+-------+-------+-------+----------------------
         Total | 100.0 | 100.0 |   N/A | 100.0 | 100.0 | 179.8
       Dungeon | 100.0 | 100.0 |   N/A | 100.0 | 100.0 | 179.8
               +-------+-------+-------+-------+-------+----------------------

Vault maps used:
D:1:      sevenhm_arrival_forest_fort_large_3, tso_altar
D:2:      lemuel_tele_altar
D:3:      nicolae_overflow_crystal_walls, lemuel_round_altar, first_ration,
          grunt_decor_resistance
D:4:      lemuel_crystal_altar, uniq_blork_the_orc
D:6:      makhleb_altar_promises_db, cheibriados_altar_1, basic_altar,
          enter_ossuary_1, uniq_sigmund, uniq_eustachio
